 Dungeon Crawl Stone Soup version 0.18.1-47-g9310371 (webtiles) character file.

3901 Mesmaeker13 the Fighter (level 10, -21/85 HPs)
             Began as a Demonspawn Gladiator on June 22, 2016.
             Was a Believer of Makhleb.
             Demolished by Gastronok (24 damage)
             ... on level 9 of the Dungeon.
             The game lasted 00:28:17 (7986 turns).

Mesmaeker13 the Fighter (Demonspawn Gladiator)      Turns: 7986, Time: 00:28:17

Health: -21/85     AC: 16    Str: 20 (21) XL:     10   Next: 0%
Magic:  12/12      EV: 14    Int: 17 (18) God:    Makhleb [**....]
Gold:   483        SH:  0    Dex: 19 (21) Spells: 0 memorised, 9 levels left

rFire  + + .     SeeInvis +     w - +3 mace of the Beginning {crush, rPois rF+ Str+5}
rCold  . . .     Gourm    .     G - +3 chain mail of Joiluosu {Dex+3}
rNeg   . . .     Faith    .     (no shield)
rPois  +         Spirit   .     s - +0 helmet of Gogip {rF+}
rElec  .         Dismiss  .     (no cloak)
rCorr  .         Reflect  .     (no gloves)
SustAt .         Harm     .     v - +0 pair of boots
MR     .....                    l - amulet of magic regeneration
Stlth  ..........               D - ring of see invisible
                                B - +5 ring of intelligence

@: agile, flying, not resistant to hostile enchantments, extremely unstealthy
A: talons 2, powered by pain 2, spiny 3
a: Minor Destruction, Renounce Religion


You were on level 9 of the Dungeon.
You worshipped Makhleb.
Makhleb was pleased with you.
You were not hungry.

You visited 3 branches of the dungeon, and saw 11 of its levels.

You collected 483 gold pieces.

Inventory:

Hand Weapons
 a - a +1 war axe
 w - the +3 mace of the Beginning (weapon) {crush, rPois rF+ Str+5}
   (You found it on level 4 of the Dungeon)

   It inflicts extra damage upon your enemies.
   It affects your strength (+5).
   It protects you from fire.
   It protects you from poison.
Missiles
 d - 4 throwing nets (quivered)
 o - 6 exploding tomahawks
 r - 2 needles of confusion
Armour
 s - the +0 helmet of Gogip (worn) {rF+}
   (You found it on level 8 of the Dungeon)

   It protects you from fire.
 v - a +0 pair of boots (worn)
 A - a +0 plate armour
 G - the +3 chain mail of Joiluosu (worn) {Dex+3}
   (You found it on level 7 of the Dungeon)

   It affects your dexterity (+3).
 L - a +3 leather armour
Jewellery
 c - an uncursed ring of resist corrosion
 h - an uncursed ring of ice
 l - an amulet of magic regeneration (around neck)
 n - an uncursed ring of stealth
 B - a +5 ring of intelligence (left hand)
 D - a ring of see invisible (right hand)
 O - an uncursed ring of protection from fire
Wands
 M - a wand of slowing (31/48)
 P - a wand of hasting (6/9)
Scrolls
 g - 10 scrolls of remove curse
 j - 4 scrolls of magic mapping
 k - 2 scrolls of enchant weapon
 m - a scroll of random uselessness {unknown}
 t - a scroll of torment {unknown}
 y - a scroll of noise
 C - 3 scrolls of teleportation
 E - 2 scrolls of fog {unknown}
 K - a scroll of vulnerability {unknown}
 Q - a scroll of amnesia
 T - a scroll of fear {unknown}
Potions
 i - a potion of flight
 x - a potion of magic {unknown}
 z - a potion of cure mutation
 H - a potion of resistance {unknown}
 N - a potion of degeneration
Books
 e - a Young Poisoner's Handbook

   Spells                             Type                      Level
   a - Sting                          Conjuration/Poison           1
   b - Cure Poison                    Poison                       2
   c - Mephitic Cloud                 Conjuration/Poison/Air       3
   d - Olgreb's Toxic Radiance        Poison                       4
   e - Venom Bolt                     Conjuration/Poison           5
 q - a book of the Earth

   Spells                             Type                      Level
   a - Leda's Liquefaction            Hexes/Earth                  4
   b - Bolt of Magma                  Conjuration/Fire/Earth       5
   c - Statue Form                    Transmutation/Earth          6
   d - Iron Shot                      Conjuration/Earth            6
   e - Shatter                        Earth                        9
Miscellaneous
 U - a box of beasts
Comestibles
 f - 9 bread rations
 p - a slice of pizza
 u - 3 meat rations
 F - 3 beef jerkies
 J - a fruit
 S - a chunk of flesh


   Skills:
 + Level 10.1 Fighting
 - Level 5.4 Axes
 - Level 1.7 Throwing
 + Level 7.6 Armour
 - Level 2.6 Dodging
 + Level 3.9 Invocations


You had 9 spell levels left.
You didn't know any spells.

Dungeon Overview and Level Annotations

Branches:
Dungeon (9/15)             Temple (1/1) D:4            Lair (1/8) D:8
    Orc (0/2) D:9

Altars:
Ashenzari
Cheibriados
Dithmenos
Elyvilon
Fedhas
Gozag
Kikubaaqudgha
Makhleb
Nemelex Xobeh
Okawaru
Pakellas
Qazlal
Ru
Sif Muna
Trog
Vehumet
Xom
Yredelemnul
Zin
The Shining One

Annotations:
D:9 Gastronok


Innate Abilities, Weirdness & Mutations

You have razor-sharp toenails.
You sometimes gain power by taking damage.
You are completely covered in sharp spines.


Message History

Gastronok gurgles, "I'll eat you, I will!"
Gastronok mumbles some strange words.
You completely miss Gastronok.
Gastronok is severely wounded.
The river rat is struck by your spines.
You kill the river rat!
The river rat's corpse disappears in a puff of smoke!
You completely miss Gastronok.
Gastronok is severely wounded.
Gastronok bites you!!
* * * LOW HITPOINT WARNING * * *
The rat is struck by your spines.
You kill the rat!
The rat's corpse disappears in a puff of smoke!
Drink which item? (? for menu, Esc to quit)
It was a potion of degeneration.
There was something very wrong with that liquid.
You feel weakened.
You feel dopey.
You feel clumsy. Gastronok is struck by your spines. Gastronok bites you!!
You die...

.....##..# ########.##
....##...# #...(...#
##.8....## +......>##
##.8....##..####
#.......#......########
....##...# #..w@.......#
########.##..###.######.#
.....##..# ...# #.#
###......# ##### #.#
..##....## #.# ........#
#.# ..##...###+##
######.# ###...###...##
#......# ....####.....##
#.###..#####


You could see Gastronok.

Vanquished Creatures
  The ghost of Mesmaeker13 the Charmwright, a novice DsSk of Nemelex Xobeh (D:7)
  Grinder (D:3)
  A spriggan (D:7)
  A hippogriff (D:9)
  The ghost of l3on the Ducker, an amateur HuBe of Trog (D:3)
  The ghost of Legadrian the Sneak, an amateur VSAs of Fedhas (D:4)
  3 orc warriors
  A sky beast (D:5)
  A phantom (D:7)
  3 ogres
  A crocodile (D:8)
  3 centaurs
  A big kobold (D:8)
  2 giant frogs
  3 scorpions
  An oklob sapling (D:4)
  A killer bee (D:8)
  5 howler monkeys
  2 crimson imps
  3 hounds
  A giant frog zombie (D:9)
  A jelly (D:5)
  4 orc priests
  A centaur skeleton (D:5)
  3 iguanas
  5 orc wizards
  6 worker ants
  2 hound skeletons (D:6)
  A worker ant zombie (D:5)
  13 gnolls
  A howler monkey skeleton (D:8)
  A river rat (D:8)
  6 adders
  A shadow imp (D:9)
  4 oozes
  3 worms
  A dart slug (D:1)
  3 giant geckos
  34 orcs
  3 giant cockroaches
  7 goblins
  8 hobgoblins
  8 jackals
  12 kobolds
  5 quokkas
  2 ball pythons
  27 bats
  11 giant newts
  A jackal zombie (D:8)
  A quokka skeleton (D:5)
  18 rats
  2 fungi (D:8)
  A plant (D:4)
233 creatures vanquished.

Vanquished Creatures (others)
  2 fungi (D:8)
2 creatures vanquished.

Grand Total: 235 creatures vanquished

Notes
Turn   | Place    | Note
--------------------------------------------------------------
     0 | D:1      | Mesmaeker13 the Demonspawn Gladiator began the quest for the Orb.
     0 | D:1      | Reached XP level 1. HP: 16/16 MP: 1/1
   268 | D:1      | Gained mutation: You have sharp toenails. [demonic ancestry]
   268 | D:1      | Reached XP level 2. HP: 21/23 MP: 2/2
   782 | D:1      | Gained mutation: You are partially covered in sharp spines. [demonic ancestry]
   782 | D:1      | Reached XP level 3. HP: 22/28 MP: 3/3
   804 | D:1      | Reached skill level 3 in Fighting
  1727 | D:2      | Found a basalt altar of Yredelemnul.
  1729 | D:2      | Found a shattered altar of Ashenzari.
  1729 | D:2      | Found a sacrificial altar of Ru.
  1747 | D:2      | Found a deep blue altar of Sif Muna.
  1751 | D:2      | Found a radiant altar of Vehumet.
  1781 | D:2      | Gained mutation: You have razor-sharp toenails. [demonic ancestry]
  1781 | D:2      | Reached XP level 4. HP: 30/35 MP: 4/4
  2194 | D:3      | Reached skill level 4 in Fighting
  2199 | D:3      | Gained mutation: You are mostly covered in sharp spines. [demonic ancestry]
  2199 | D:3      | Reached XP level 5. HP: 27/42 MP: 5/5
  2466 | D:3      | Found a snail-covered altar of Cheibriados.
  2508 | D:3      | Noticed l3on's ghost (amateur HuBe)
  2530 | D:3      | Gained mutation: You occasionally shout uncontrollably at your foes. [potion of mutation]
  2530 | D:3      | Gained mutation: You are frail (-10% HP). [potion of mutation]
  2530 | D:3      | Lost mutation: You are frail (-10% HP). [potion of mutation]
  2552 | D:3      | Killed l3on's ghost
  2552 | D:3      | Reached skill level 5 in Fighting
  2552 | D:3      | Gained mutation: You sometimes gain a little power by taking damage. [demonic ancestry]
  2552 | D:3      | Reached XP level 6. HP: 38/51 MP: 6/6
  2578 | D:3      | Found a blossoming altar of Fedhas.
  2581 | D:3      | Noticed Grinder
  2589 | D:3      | Killed Grinder
  2589 | D:3      | Reached skill level 5 in Axes
  2589 | D:3      | Gained mutation: You are completely covered in sharp spines. [demonic ancestry]
  2589 | D:3      | Reached XP level 7. HP: 39/57 MP: 7/7
  2763 | D:4      | Found a shimmering altar of Xom.
  2783 | D:4      | Found a staircase to the Ecumenical Temple.
  2824 | D:4      | Got a warped mace
  2825 | D:4      | Found a shadowy altar of Dithmenos.
  2829 | D:4      | Identified the +3 mace of the Beginning {crush, rPois rF+ Str+5} (You found it on level 4 of the Dungeon)
  2886 | Temple   | Entered the Ecumenical Temple
  3101 | D:4      | Reached skill level 1 in Armour
  3198 | D:4      | Reached skill level 6 in Fighting
  3354 | D:4      | Noticed Legadrian's ghost (amateur VSAs)
  3361 | D:4      | Killed Legadrian's ghost
  3876 | D:5      | Entered Level 5 of the Dungeon
  3948 | D:5      | Gained mutation: You sometimes gain power by taking damage. [demonic ancestry]
  3948 | D:5      | Reached XP level 8. HP: 65/65 MP: 8/8
  4011 | D:5      | Reached skill level 7 in Fighting
  4533 | D:5      | Found a stormy altar of Qazlal.
  5641 | D:6      | Reached skill level 8 in Fighting
  5641 | D:6      | Reached skill level 5 in Armour
  5828 | D:7      | Noticed Mesmaeker13's ghost (novice DsSk)
  5858 | D:7      | Killed Mesmaeker13's ghost
  5858 | D:7      | Reached XP level 9. HP: 36/75 MP: 9/9
  5860 | D:7      | Reached skill level 9 in Fighting
  6112 | D:7      | Got a dazzling chain mail
  6123 | D:7      | Identified the +3 chain mail of Joiluosu {Dex+3} (You found it on level 7 of the Dungeon)
  6167 | D:7      | Lost mutation: You occasionally shout uncontrollably at your foes. [potion of cure mutation]
  6542 | D:7      | Found a glowing silver altar of Zin.
  6547 | D:7      | Found a sparkling altar of Nemelex Xobeh.
  6547 | D:7      | Found a burning altar of Makhleb.
  6547 | D:7      | Found a glowing golden altar of the Shining One.
  6547 | D:7      | Found a bloodstained altar of Trog.
  6553 | D:7      | Became a worshipper of Makhleb the Destroyer
  6715 | D:8      | Reached skill level 1 in Invocations
  6878 | D:8      | Reached * piety under Makhleb
  7180 | D:8      | Reached ** piety under Makhleb
  7193 | D:8      | Got a smoking helmet
  7194 | D:8      | Found a staircase to the Lair.
  7206 | Lair:1   | Entered Level 1 of the Lair of Beasts
  7214 | D:8      | Identified the +0 helmet of Gogip {rF+} (You found it on level 8 of the Dungeon)
  7393 | D:9      | Reached skill level 10 in Fighting
  7460 | D:9      | Found a staircase to the Orcish Mines.
  7842 | D:9      | Reached XP level 10. HP: 78/85 MP: 12/12
  7957 | D:9      | Noticed Gastronok
  7979 | D:9      | HP: 1/85 [Gastronok/the air (30)]
  7985 | D:9      | HP: 3/85 [Gastronok (23)]
  7986 | D:9      | Demolished by Gastronok

Skill      XL: |  1  2  3  4  5  6  7  8  9 |
---------------+----------------------------+-----
Axes           | 3 4 5 |  5.4
Fighting       | 3 4 5 6 8 10 | 10.1
Armour         | 3 6 7 |  7.6
Invocations    | 3 |  3.9
Throwing       | |  1.7
Dodging        | |  2.6

Action                   |  1- 3 |  4- 6 |  7- 9 | 10-12 || total
-------------------------+-------+-------+-------+-------++-------
Melee: War axe           |   115 |    71 |     3 |       ||   189
       Kick              |    22 |       |       |       ||    22
       Mace              |       |       |   252 |    17 ||   269
Invok: Minor Destruction |       |       |       |     2 ||     2
Evoke: Wand              |       |       |     5 |       ||     5
  Use: Potion            |       |     4 |     4 |     6 ||    14
       Scroll            |       |     3 |     7 |     1 ||    11
 Stab: Sleeping          |     1 |       |       |       ||     1
  Eat: Chunk             |     3 |     3 |    16 |     1 ||    23
Armor: Leather armour    |    39 |     3 |       |       ||    42
       Chain mail        |       |    31 |   108 |     3 ||   142
Dodge: Dodged            |    83 |    25 |   103 |     3 ||   214
